 Dungeon Crawl Stone Soup version 0.13-a0-1614-gd69a504 (webtiles) character file.

455 Kae the Chiller (level 5, -6/38 HPs)
             Began as a Draconian Ice Elementalist on June 15, 2013.
             Mangled by Root's ghost (12 damage)
             ... on Level 4 of the Dungeon.
             The game lasted 00:07:52 (2720 turns).

Kae the Chiller (Draconian Ice Elementalist)        Turns: 2720, Time: 00:07:52

HP  -6/38        AC  6     Str 10      XL: 5   Next: 79%
MP   3/9         EV 12     Int 17      God:
Gold 216         SH  0     Dex 11      Spells:  3 memorised,  2 levels left

Res.Fire  : . . .   See Invis. : .   w - +0 quarterstaff
Res.Cold  : . . .   Warding    : +   (armour unavailable)
Life Prot.: + . .   Conserve   : .   (no shield)
Res.Poison: .       Res.Corr.  : .   (helmet restricted)
Res.Elec. : .       Clarity    : .   (no cloak)
Sust.Abil.: . .     Spirit.Shd : .   i - +0 pair of gauntlets
Res.Mut.  : .       Stasis     : .   (no boots)
Res.Rott. : .       Flight     : .   h - amulet of warding
Saprovore : . . .                    (no ring)
                                     (no ring)

@: slightly resistant to hostile enchantments, unstealthy
A: unfitting armour, AC +5
a: no special abilities


You were on level 4 of the Dungeon.
You were not hungry.

You visited 1 branch of the dungeon, and saw 4 of its levels.

You collected 196 gold pieces.

Inventory:

Hand weapons
 f - a +1,+3 dwarven dagger of chaos (quivered)
 w - a +0,+0 quarterstaff (weapon)
Armour
 i - a +0 pair of gauntlets (worn)
Comestibles
 c - 2 bread rations
 g - a meat ration
 m - a pear
 o - a choko
Scrolls
 e - a scroll of remove curse
 j - a scroll of enchant weapon I
 k - a scroll of amnesia
 p - a scroll of recharging {unknown}
 r - a scroll of curse weapon {unknown}
 s - a scroll of fog {unknown}
Jewellery
 h - an amulet of warding (around neck)
 n - an uncursed amulet of resist corrosion
Potions
 a - 2 potions of heal wounds {unknown}
 d - 3 potions of curing {unknown}
 l - a potion of flight {unknown}
 q - 2 potions of confusion {unknown}
 u - a potion of brilliance {unknown}
 v - a potion of slowing {unknown}
Books
 b - a book of Frost

   Spells                             Type                      Level
   *Freeze                            Ice                          1
   *Throw Frost                       Conjuration/Ice              2
   *Ozocubu's Armour                  Charms/Ice                   3
   Throw Icicle                       Conjuration/Ice              4
   Summon Ice Beast                   Ice/Summoning                4
   Condensation Shield                Ice                          4


   Skills:
 - Level 1.9 Dodging
 - Level 2.1 Stealth
 + Level 2.0 Spellcasting
 * Level 3.4 Conjurations
 * Level 4.8 Ice Magic


You had 2 spell levels left.
You knew the following spells:

 Your Spells              Type           Power        Failure   Level  Hunger
a - Freeze                Ice            ###.         2%          1    #......
b - Throw Frost           Conj/Ice       ###...       6%          2    ##.....
c - Ozocubu's Armour      Chrm/Ice       ##........   24%         3    ####...


Dungeon Overview and Level Annotations

Branches:
Dungeon (4/27)
 Temple: D:4-7

Altars:
Xom

Annotations
D:4 Root's ghost, average MiFi


Message History

Root's ghost is lightly damaged.
Root's ghost hits you but does no damage.
Casting: Freeze
Confirm with . or Enter, or press ? or * to list all spells.
Aiming: Freeze
Press: ? - help, Shift-Dir - straight line, f/p - Root's ghost
Aim: Root's ghost (lightly damaged)
You freeze Root's ghost.
Root's ghost is moderately damaged.
Root's ghost hits you!
* * * LOW HITPOINT WARNING * * *
Casting: Freeze
Confirm with . or Enter, or press ? or * to list all spells.
Aiming: Freeze
Press: ? - help, Shift-Dir - straight line, f/p - Root's ghost
Aim: Root's ghost (moderately damaged)
You freeze Root's ghost.
Root's ghost is heavily damaged.
Root's ghost hits you!
You die...

##'###### #.## #..###
##...# #'# ###.# ....
#####'###### .....
#..........# ###.......
#........).####)'.......
+..........#.p@.#.......
#..........'.#### .....
#..........### ....
###+######## ... #
###+####### #.......<.#


You could see Root's ghost.

Vanquished Creatures
  A hound (D:4)
  2 worker ants (D:4)
  An orc wizard (D:4)
  3 adders
  A gnoll (D:1)
  2 worms (D:2)
  4 giant geckos
  4 orcs
  9 bats
  2 giant cockroaches
  10 goblins
  12 hobgoblins
  5 jackals
  12 kobolds
  A quokka (D:2)
  A ball python (D:2)
  A goblin skeleton (D:4)
  10 rats
81 creatures vanquished.

Notes
Turn   | Place    | Note
--------------------------------------------------------------
     0 | D:1      | Kae, the Draconian Ice Elementalist, began the quest for the Orb.
     0 | D:1      | Reached XP level 1. HP: 14/14 MP: 3/3
    26 | D:1      | Reached XP level 2. HP: 7/20 MP: 1/4
    30 | D:1      | Learned a level 2 spell: Throw Frost
   504 | D:1      | Reached XP level 3. HP: 24/26 MP: 2/5
  1059 | D:2      | Reached skill level 4 in Ice Magic
  1062 | D:2      | Reached XP level 4. HP: 27/33 MP: 0/7
  1818 | D:3      | Found a shimmering altar of Xom.
  2520 | D:4      | Reached XP level 5. HP: 38/38 MP: 6/9
  2528 | D:4      | Learned a level 3 spell: Ozocubu's Armour
  2711 | D:4      | Noticed Root's ghost (average MiFi)
  2720 | D:4      | Mangled by Root's ghost

Action                   |  1- 3 |  4- 6 || total
-------------------------+-------+-------++-------
Melee: Unarmed           |    83 |    20 ||   103
       Quarterstaff      |       |    13 ||    13
 Cast: Freeze            |    55 |    78 ||   133
  Use: Scroll            |       |     5 ||     5
